Map: Emerald City LE

Players

Massa - Winner!

  • Race: Terran Terran
  • League: Platinum
  • Spawn Location: 11:00

qqq - Winner!

  • Race: Zerg Zerg
  • Spawn Location: 11:00

iti

  • Race: Terran Terran
  • League: Silver
  • Spawn Location: 5:00

pagan

  • Race: Protoss Protoss
  • League: Diamond
  • Spawn Location: 5:00

VOD

Have the link to the VOD?

Description

Time

  • Played on: Oct. 28, 2020, 3:43 p.m.
  • Length: 17:57
Show
View Real Time Build Order
Export as new Build Order

Massa Terran - Winner!

Build Orders:  

Get SALT Encoding   

  12  0:00  SCV  
  13  0:12  SCV  
  14  0:22  Supply Depot  
  14  0:25  SCV  
  15  0:42  Refinery  
  15  0:43  SCV  
  15  0:44  Barracks  
  16  0:55  SCV  
  17  1:07  SCV  
  18  1:20  SCV  
  19  1:38  SCV  
  20  1:41  Reaper  
  20  1:46  Supply Depot  
  21  1:50  Command Center  
  22  1:54  Orbital Command  
  21  2:13  Marine  
  21  2:14  Factory  
  22  2:21  SCV  
  23  2:33  SCV  
  24  2:38  Barracks Reactor  
  24  3:04  Starport  
  23  3:17  Marine x2  
  25  3:27  Factory Tech Lab  
  25  3:29  Orbital Command  
  25  3:30  SCV  
  26  3:35  Marine x2  
  27  3:42  SCV  
  27  3:45  Medivac  
  30  3:53  Marine x2  
  30  3:55  Supply Depot  
  32  3:56  SCV x2  
  32  4:02  Refinery  
  34  4:05  Barracks  
  34  4:08  SCV  
  35  4:10  Marine  
  35  4:11  Marine  
  37  4:28  Marine x2  
  39  4:33  Engineering Bay  
  39  4:34  Refinery  
  39  4:46  Marine x2, Liberator  
  39  5:00  Barracks Tech Lab  
  39  5:02  Widow Mine  
  39  5:04  Marine x2  
  39  5:22  Marine x2  
  39  5:24  Widow Mine  
  38  5:39  Marine  
  38  5:40  Marine  
  37  5:45  Widow Mine, Missile Turret  
  37  5:48  Terran Infantry Weapons Level 1  
  39  5:52  SCV x2  
  41  5:59  Command Center  
  41  6:04  SCV  
  41  6:05  SCV, Missile Turret  
  41  6:09  Marine, Siege Tank  
  41  6:10  Marine  
  47  6:16  SCV  
  47  6:17  SCV, Stimpack  
  49  6:27  Marine  
  49  6:28  SCV, Missile Turret  
  49  6:29  SCV  
  52  6:32  Missile Turret  
  52  6:40  SCV  
  52  6:41  SCV  
  54  6:51  Supply Depot  
  54  6:53  Missile Turret, Supply Depot  
  54  7:11  Marauder, Marine x2, Siege Tank  
  54  7:14  Orbital Command  
  61  7:15  Supply Depot  
  61  7:17  SCV x2, Supply Depot  
  63  7:28  Marine x2  
  63  7:29  SCV  
  66  7:33  Marauder  
  65  7:52  Marine x2  
  65  7:55  Marauder  
  65  7:56  Combat Shield  
  69  8:06  Liberator  
  69  8:10  Marine x2  
  74  8:16  Marine  
  75  8:27  Marine  
  75  8:28  Marine  
  75  8:32  Barracks  
  75  8:33  Barracks  
  75  8:34  Marine  
  78  8:36  SCV x2  
  78  8:39  Barracks  
  80  8:46  Marine x2  
  83  8:48  SCV  
  83  8:49  SCV  
  83  8:52  Marauder  
  83  8:53  Orbital Command  
  86  9:00  SCV  
  86  9:01  SCV  
  88  9:04  Marine x2  
  90  9:12  SCV  
  90  9:13  SCV, Marine  
  90  9:15  Concussive Shells, Siege Tank  
  96  9:25  Armory  
  96  9:26  Barracks  
  94  9:33  Terran Infantry Armor Level 1  
  94  9:36  SCV x3  
  95  9:40  Missile Turret  
  95  9:42  Missile Turret  
  95  9:48  SCV x3  
  88  10:00  SCV x3  
  90  10:10  Missile Turret  
  90  10:11  Medivac, Missile Turret  
  90  10:12  SCV x3  
  95  10:24  SCV x3  
  98  10:35  Siege Tank  
  101  10:39  Barracks Tech Lab  
  101  10:50  Refinery  
  101  11:03  Refinery  
  101  11:04  SCV  
  101  11:05  Refinery  
  101  11:08  Supply Depot  
  101  11:09  Supply Depot  
  101  11:12  Supply Depot  
  101  11:13  Supply Depot  
  101  11:14  Supply Depot  
  101  11:28  Barracks Reactor  
  101  11:29  Barracks Reactor, Marine  
  101  11:30  SCV x2, Medivac, Siege Tank  
  101  11:31  SCV, Marine x3  
  101  11:32  Supply Depot, Terran Vehicle Weapons Level 1  
  113  11:33  Terran Infantry Weapons Level 2  
  113  11:42  SCV x2  
  113  11:43  SCV  
  116  11:47  Marine  
  116  11:49  Marine x3  
  119  11:54  SCV  
  122  12:02  Thor  
  122  12:04  Starport Reactor  
  122  12:05  Marine  
  122  12:06  Marine x3  
  111  12:22  Marine x4  
  104  12:23  Marine  
  104  12:24  Marine x3  
  102  12:39  Marine  
  102  12:40  Marine x3  
  102  12:41  Marine  
  102  12:42  Marine x3  
  110  12:44  Thor  
  116  12:57  Marine x2, Missile Turret  
  116  12:58  Marine x3  
  120  13:00  Marine x3  
  124  13:15  Marine x4  
  124  13:16  Marine  
  124  13:17  Missile Turret  
  124  13:18  Marine x3  
  122  13:26  Medivac x2  
  126  13:27  Thor  
  126  13:33  Marine x2  
  134  13:37  Missile Turret  
  134  13:38  Factory  
  134  13:39  Factory  
  134  13:56  Medivac x2  
  108  14:25  Factory  
  108  14:26  Medivac  
  104  14:32  Marauder x2  
  104  14:33  Marine x6  
  104  14:37  Thor  
  120  14:49  Factory Tech Lab x2  
  120  14:50  Marine  
  120  14:51  Marine x5  
  126  14:53  Marauder  
  126  14:54  Marauder  
  130  15:08  Marine  
  130  15:09  Marine x5  
  136  15:15  Marauder x2  
  136  15:20  Thor  
  146  15:26  Marine  
  146  15:27  Marine x2  
  149  15:47  Supply Depot  
  149  15:52  Marine x2, Supply Depot  
  149  15:57  Marine x3, Supply Depot  
  149  15:58  Marauder x2  
  149  15:59  Supply Depot  
  149  16:02  Supply Depot  
  149  16:03  Supply Depot  
  122  16:06  Supply Depot x2  
  122  16:09  Supply Depot  
  108  16:16  Marine x2  
  108  16:17  Marine x5  
  115  16:19  Marauder x2  
  119  16:34  Marine x5  
  119  16:35  Marine x2  
  126  16:40  Marauder x2, Engineering Bay  
  126  16:41  Armory  
  130  16:48  Command Center  
  130  16:51  Marine  
  130  16:52  Marine x4  
  130  16:53  Marine x2  
  132  17:02  Marauder x2  
  133  17:09  Marine  
  133  17:10  Marine x6  
  140  17:23  Marauder x2  
  140  17:28  Marine  
Show
View Real Time Build Order
Export as new Build Order

qqq Zerg - Winner!

Build Orders: Hatch First 

Get SALT Encoding   

  12  0:04  Drone  
  13  0:17  Drone  
  14  0:35  Hatchery  
  13  0:45  Drone  
  14  0:58  Spawning Pool  
  13  1:05  Overlord  
  13  1:09  Drone  
  14  1:14  Extractor  
  14  1:15  Drone  
  14  1:25  Drone  
  15  1:37  Drone  
  16  1:40  Drone  
  17  1:48  Drone  
  17  1:49  Queen  
  20  1:59  Drone  
  21  2:01  Drone x2  
  23  2:12  Drone  
  24  2:19  Extractor  
  24  2:22  Metabolic Boost  
  23  2:25  Drone x2  
  23  2:29  Zergling x2  
  26  2:32  Zergling x2  
  26  2:33  Drone  
  28  2:51  Overlord, Baneling Nest  
  27  2:52  Drone  
  28  3:09  Queen  
  28  3:10  Drone x2  
  32  3:14  Zergling x2  
  32  3:15  Drone, Zergling x4  
  35  3:42  Overlord x3  
  35  3:43  Overlord x2  
  35  3:48  Lair  
  35  3:59  Hatchery  
  35  4:00  Drone  
  35  4:01  Drone  
  36  4:03  Drone  
  36  4:05  Drone  
  36  4:09  Extractor  
  37  4:12  Drone x2  
  37  4:14  Drone  
  40  4:24  Drone  
  40  4:25  Drone x2  
  40  4:26  Extractor  
  40  4:28  Extractor  
  40  4:29  Spore Crawler  
  40  4:34  Drone x2, Spore Crawler  
  40  4:37  Drone  
  42  4:39  Drone  
  43  4:51  Drone  
  44  5:11  Drone  
  44  5:12  Zergling x4, Overlord  
  44  5:13  Drone, Spire  
  44  5:14  Drone x3  
  49  5:15  Overlord  
  50  5:25  Drone  
  51  5:34  Drone x2, Queen  
  55  5:42  Drone  
  56  5:44  Zergling x2  
  56  5:46  Zergling x2  
  56  5:49  Drone  
  60  5:50  Drone  
  60  5:51  Drone  
  60  5:52  Drone  
  60  5:56  Overlord  
  62  5:58  Hatchery  
  61  6:10  Drone x5  
  61  6:25  Corruptor x2  
  61  6:26  Corruptor x2  
  61  6:27  Mutalisk  
  61  6:32  Drone x2  
  73  6:43  Mutalisk x2, Zergling x2  
  73  6:44  Mutalisk x2  
  73  6:45  Drone  
  83  6:49  Spore Crawler  
  80  7:09  Mutalisk x5  
  80  7:11  Corruptor  
  80  7:12  Drone x4  
  93  7:20  Queen  
  90  7:27  Drone  
  90  7:28  Drone x3  
  94  7:33  Drone  
  94  7:36  Spore Crawler  
  94  7:37  Drone  
  94  7:39  Mutalisk  
  94  7:40  Corruptor  
  99  7:50  Corruptor  
  95  8:06  Mutalisk x2  
  76  8:20  Corruptor  
  76  8:22  Zergling x16  
  76  8:23  Drone x4  
  76  8:24  Drone  
  91  8:39  Drone  
  92  8:41  Extractor  
  92  8:42  Extractor  
  92  8:44  Hatchery  
  89  8:51  Hatchery  
  89  8:53  Hatchery  
  79  9:04  Spire  
  79  9:06  Overlord x3  
  79  9:07  Drone x3  
  81  9:33  Hatchery  
  81  9:35  Drone, Hydralisk Den  
  81  9:36  Drone  
  81  10:07  Hydralisk  
  81  10:08  Hydralisk x5  
  81  10:09  Drone  
  81  10:10  Drone x6  
  88  10:32  Drone x2  
  88  10:33  Queen  
  88  10:34  Drone x2  
  88  10:35  Drone x4  
  98  10:39  Zerg Flyer Armor Level 1  
  98  10:41  Overlord x6  
  98  10:42  Corruptor x2  
  98  10:43  Corruptor x2  
  98  10:46  Queen  
  98  10:49  Spore Crawler  
  107  10:51  Spore Crawler  
  107  10:54  Drone, Spore Crawler  
  107  10:55  Drone x4, Spine Crawler  
  109  10:58  Corruptor x2  
  109  11:03  Muscular Augments  
  113  11:08  Infestation Pit  
  113  11:11  Lurker Den  
  111  11:13  Corruptor x2  
  111  11:14  Corruptor x2  
  111  11:15  Corruptor  
  111  11:17  Drone  
  121  11:29  Overlord  
  121  11:30  Corruptor  
  123  11:37  Drone x5  
  123  11:38  Drone x8  
  133  11:59  Corruptor x3  
  133  12:00  Corruptor x3  
  143  12:15  Grooved Spines  
  131  12:33  Zerg Flyer Weapons Level 1, Corruptor x6  
  131  12:34  Drone  
  131  12:35  Drone x8  
  131  12:36  Drone x3  
  131  12:37  Overlord x3  
  147  12:55  Corruptor x3  
  151  13:05  Extractor  
  151  13:06  Extractor  
  151  13:08  Extractor  
  151  13:11  Extractor  
  151  13:12  Extractor  
  146  13:15  Spine Crawler  
  146  13:17  Spore Crawler x2  
  146  13:19  Spine Crawler  
  143  13:20  Drone x5, Corruptor x4  
  155  13:27  Mutalisk  
  155  13:29  Mutalisk  
  155  13:30  Drone  
  155  13:31  Drone x4  
  162  13:58  Corruptor x4  
  170  14:03  Mutalisk  
  170  14:05  Drone x2  
  170  14:06  Zergling x8  
  170  14:07  Zergling x16  
  170  14:08  Zergling x2  
  187  14:22  Mutalisk x3  
  182  14:49  Corruptor x3  
  182  14:50  Corruptor x2  
  192  14:57  Extractor  
  192  14:59  Extractor  
  190  15:13  Mutalisk  
  190  15:14  Hatchery, Mutalisk x3, Corruptor  
  197  15:24  Hydralisk x2  
  194  15:41  Drone  
  194  15:42  Drone x2, Spore Crawler  
  196  15:43  Spore Crawler  
  173  16:12  Mutalisk  
  173  16:13  Mutalisk x7  
  173  16:14  Mutalisk  
  170  16:43  Mutalisk x4  
  170  16:44  Mutalisk x2  
  180  17:04  Mutalisk x3  
  180  17:05  Mutalisk x3  
  180  17:06  Mutalisk x3  
  180  17:08  Zergling x4  
  200  17:09  Overlord x3  
  196  17:21  Hydralisk x2  
Show
View Real Time Build Order
Export as new Build Order

iti Terran 

Build Orders:  

Get SALT Encoding   

  12  0:01  SCV  
  13  0:14  Supply Depot  
  13  0:18  SCV  
  14  0:29  Supply Depot  
  14  0:30  SCV  
  15  0:50  SCV  
  15  0:53  Barracks  
  16  0:58  Barracks  
  16  1:02  SCV  
  17  1:05  Refinery  
  17  1:18  SCV  
  18  1:38  SCV  
  19  1:41  Marine  
  19  1:45  Supply Depot  
  20  1:53  Orbital Command  
  20  2:02  Marine  
  20  2:06  Marine  
  22  2:21  Command Center  
  22  2:26  Marine x2  
  24  2:40  Factory  
  24  2:43  SCV  
  25  2:46  Marine  
  25  2:47  Marine  
  27  2:55  SCV  
  28  3:07  SCV, Marine x2  
  31  3:27  Refinery  
  31  3:33  SCV  
  32  3:34  Factory Tech Lab  
  32  3:36  Orbital Command  
  32  3:37  Supply Depot  
  32  3:40  Refinery  
  32  3:45  SCV  
  32  3:48  Marine x2  
  33  3:54  Siege Tank  
  39  4:02  SCV  
  39  4:06  Starport  
  39  4:09  SCV  
  40  4:11  Marine  
  40  4:13  Marine  
  40  4:15  SCV  
  43  4:22  SCV  
  44  4:27  SCV  
  44  4:29  Marine  
  44  4:31  Marine  
  47  4:34  SCV  
  48  4:39  SCV  
  48  4:40  Siege Tank  
  48  4:43  Medivac  
  54  5:06  Supply Depot  
  54  5:08  Refinery  
  54  5:20  Marine  
  54  5:22  SCV x2, Marine  
  54  5:28  Supply Depot, Siege Tank  
  55  5:34  SCV x2  
  56  5:43  Marine x2  
  56  5:46  SCV x2  
  60  5:51  Medivac  
  60  5:52  Supply Depot  
  62  5:58  SCV x2  
  62  6:00  Marine, Siege Tank  
  62  6:01  Marine  
  69  6:10  SCV  
  70  6:13  SCV  
  71  6:18  Marine  
  71  6:22  SCV  
  71  6:25  SCV  
  74  6:36  Marine  
  74  6:37  SCV  
  76  6:49  SCV  
  76  6:54  Marine  
  70  7:33  Siege Tank  
  65  8:06  Siege Tank  
  68  8:15  Marine  
  68  8:16  Marine  
  68  8:17  Medivac  
  68  8:18  SCV  
  68  8:19  SCV  
  72  8:30  SCV  
  72  8:31  SCV  
  72  8:33  Marine  
  72  8:34  Marine  
  76  8:43  SCV x2  
  78  8:58  SCV x2  
  78  8:59  Medivac  
  78  9:00  Siege Tank  
  66  9:10  SCV  
  67  9:29  Marine x2  
  68  9:32  Viking  
  68  9:33  Siege Tank  
  73  9:43  Engineering Bay  
  73  9:46  Marine, Engineering Bay  
  73  9:47  Marine  
  73  9:52  Command Center  
  75  9:55  Barracks  
  75  9:56  SCV, Command Center  
  75  9:57  Barracks  
  75  9:59  Barracks  
  76  10:01  SCV  
  76  10:04  Marine  
  78  10:12  Supply Depot  
  78  10:14  Supply Depot  
  78  10:17  Supply Depot  
  78  10:22  Terran Infantry Weapons Level 1  
  78  10:25  Terran Infantry Armor Level 1  
  78  10:32  Barracks Tech Lab  
  78  10:33  SCV x2  
  78  10:34  Barracks Reactor  
  80  10:36  Supply Depot  
  80  10:39  Supply Depot x2  
  80  10:45  SCV x2  
  80  10:46  Barracks  
  82  10:58  SCV x2  
  84  11:10  SCV  
  85  11:22  SCV  
  86  11:33  Hellion  
  81  12:00  Marine x3  
  84  12:05  Marine  
  84  12:06  Marine x3  
  86  12:18  Marine x3  
  86  12:22  Armory  
  82  12:23  Marine, Medivac  
  82  12:24  Marine x3  
  83  12:35  Marine  
  83  12:36  Marine x2  
  86  12:37  Starport  
  86  12:41  Marine  
  86  12:42  Marine x3  
  86  12:43  Starport  
  89  12:53  Orbital Command, Marine, Medivac  
  89  12:54  Marine x2  
  81  12:59  Marine x4  
  75  13:12  Marine  
  69  13:17  Marine x4  
  69  13:18  Marine x2  
  74  13:22  Terran Infantry Armor Level 2  
  74  13:23  Terran Infantry Weapons Level 2, Medivac  
  74  13:25  SCV  
  77  13:29  Marine  
  78  13:34  Marine  
  78  13:35  Marine x3  
  78  13:36  Marine x2  
  85  13:42  Planetary Fortress  
  85  13:46  Siege Tank  
  85  13:47  Marine  
  88  13:49  SCV  
  88  13:52  Marine  
  88  13:53  Marine x3, Medivac  
  88  13:54  Marine x2  
  92  14:01  SCV  
  93  14:05  Marine  
  89  14:10  Marine  
  89  14:11  Marine x3  
  89  14:12  Marine x2  
  89  14:13  SCV  
  95  14:23  Marine  
  75  14:25  SCV  
  75  14:28  Marine x4  
  75  14:29  Marine x2  
  64  14:41  Marine  
  65  14:46  Marine x4  
  65  14:47  Marine x2, Stimpack  
  65  14:48  SCV  
  72  14:58  Marine  
  73  15:00  SCV  
  73  15:03  Missile Turret x2  
  73  15:04  Marine x4  
  73  15:05  Marine x2  
  77  15:12  SCV, Siege Tank  
  75  15:16  Marine  
  75  15:20  SCV  
  77  15:21  Marine  
  77  15:25  Missile Turret  
  77  15:26  Missile Turret  
  78  15:31  Marine x3  
  78  15:32  SCV  
  82  15:42  Refinery x2  
  82  15:44  SCV  
  83  15:52  SCV  
  83  15:56  SCV  
  70  16:04  SCV  
  71  16:08  SCV  
  44  16:20  Marine x3  
  44  16:21  Marine x4  
  51  16:26  Combat Shield  
  50  16:38  Marine x7  
  55  16:44  SCV  
  55  16:56  SCV, Marine, Command Center  
  57  17:05  Marine x3  
  59  17:08  SCV  
Show
View Real Time Build Order
Export as new Build Order

pagan Protoss 

Build Orders: Oracle Opening, Carriers, Mass Phoenix 

Get SALT Encoding   

  12  0:00  Probe  
  13  0:12  Probe  
  14  0:20  Pylon  
  14  0:24  Probe  
  15  0:38  Probe (Chrono Boost)  
  15  0:39  Gateway  
  16  0:49  Assimilator  
  17  0:50  Probe (Chrono Boost)  
  17  0:56  Probe (Chrono Boost)  
  18  1:04  Probe (Chrono Boost)  
  18  1:07  Assimilator  
  19  1:15  Probe (Chrono Boost)  
  20  1:20  Probe (Chrono Boost)  
  21  1:26  Cybernetics Core  
  21  1:31  Probe  
  22  1:40  Pylon  
  22  1:43  Probe  
  23  2:05  Nexus  
  23  2:09  Adept (Chrono Boost)  
  25  2:26  Probe  
  25  2:28  Stargate  
  26  2:34  Stalker  
  28  2:47  Probe  
  29  2:59  Probe, Gateway  
  29  3:01  Pylon  
  30  3:11  Probe  
  31  3:23  Probe  
  31  3:24  Probe  
  33  3:35  Probe  
  33  3:36  Probe  
  33  3:39  Oracle (Chrono Boost)  
  32  3:41  Warp Gate  
  33  3:47  Probe  
  37  3:48  Probe  
  37  3:54  Assimilator  
  38  3:58  Stargate, Assimilator  
  38  3:59  Probe  
  38  4:01  Pylon  
  39  4:07  Phoenix (Chrono Boost)  
  39  4:08  Probe  
  42  4:16  Probe  
  43  4:20  Probe, Stargate  
  44  4:28  Probe  
  44  4:29  Phoenix  
  47  4:34  Probe  
  48  4:40  Probe  
  48  4:41  Pylon  
  49  4:46  Probe  
  50  4:57  Probe  
  50  4:58  Probe  
  52  5:07  Phoenix (Chrono Boost)  
  52  5:09  Probe  
  60  5:14  Probe  
  60  5:15  Phoenix x2 (Chrono Boost)  
  60  5:26  Phoenix (Chrono Boost)  
  62  5:36  Probe  
  62  5:37  Probe  
  62  5:38  Phoenix x2 (Chrono Boost)  
  70  5:51  Phoenix (Chrono Boost)  
  70  5:58  Nexus, Protoss Air Weapons Level 1  
  70  6:00  Pylon  
  70  6:18  Probe x2  
  72  6:27  Adept  
  72  6:28  Adept  
  72  6:30  Probe x2  
  71  6:40  Phoenix  
  73  6:56  Pylon  
  73  6:59  Pylon  
  73  7:01  Pylon  
  73  7:06  Probe x2  
  69  7:08  Phoenix  
  69  7:09  Phoenix  
  60  7:18  Probe x2  
  58  7:30  Probe x2  
  58  7:33  Nexus  
  58  7:36  Pylon, Fleet Beacon  
  60  7:38  Pylon  
  60  7:42  Probe, Phoenix (Chrono Boost)  
  60  7:43  Probe, Phoenix (Chrono Boost)  
  68  7:49  Phoenix (Chrono Boost)  
  66  7:54  Probe  
  66  7:55  Probe  
  68  8:19  Probe x2  
  63  8:21  Carrier x2 (Chrono Boost)  
  75  8:31  Probe  
  75  8:32  Probe  
  77  8:35  Forge  
  77  8:40  Protoss Air Weapons Level 2 (Chrono Boost)  
  77  8:44  Probe x2  
  79  8:56  Probe x2  
  87  9:03  Carrier (Chrono Boost)  
  87  9:08  Probe x2  
  89  9:10  Photon Cannon  
  89  9:18  Shield Battery  
  89  9:20  Probe x2  
  89  9:21  Probe, Photon Cannon  
  92  9:31  Carrier (Chrono Boost)  
  92  9:36  Probe  
  92  9:37  Probe  
  100  9:46  Probe  
  100  9:49  Probe x2  
  103  9:58  Probe  
  104  10:01  Probe x2  
  112  10:11  Carrier (Chrono Boost)  
  112  10:15  Probe x3  
  113  10:27  Probe, Carrier (Chrono Boost)  
  112  10:32  Probe x2  
  112  10:34  Assimilator  
  118  10:38  Assimilator  
  118  10:39  Probe  
  118  10:41  Pylon  
  119  10:43  Pylon  
  119  10:50  Nexus  
  119  10:52  Pylon  
  119  11:09  Protoss Air Weapons Level 3 (Chrono Boost)  
  119  11:20  Twilight Council  
  119  11:23  Gateway  
  119  11:33  Carrier  
  125  11:40  Probe x3  
  128  11:50  Void Ray x2  
  128  11:52  Probe x2  
  134  12:27  Probe x3, Void Ray  
  135  12:39  Probe x3  
  135  12:40  Probe  
  135  12:43  Assimilator  
  139  12:45  Templar Archives  
  139  12:47  Dark Shrine, Assimilator  
  133  12:51  Probe x3  
  133  12:52  Probe  
  137  13:03  Probe x2  
  139  13:24  Void Ray (Chrono Boost)  
  139  13:25  Probe x4  
  143  13:27  Photon Cannon  
  143  13:31  Photon Cannon  
  155  13:34  Void Ray (Chrono Boost), Pylon  
  155  13:35  Void Ray (Chrono Boost)  
  155  13:37  Probe x4  
  155  13:38  Pylon  
  159  13:49  Probe, Protoss Air Armor Level 1  
  160  13:58  Void Ray (Chrono Boost)  
  164  14:07  Void Ray (Chrono Boost)  
  164  14:08  Void Ray (Chrono Boost)  
  172  14:32  Protoss Shields Level 1  
  172  14:35  Dark Templar  
  172  14:37  Void Ray (Chrono Boost)  
  178  14:49  Gateway  
  178  14:51  Gateway  
  178  14:52  Gateway  
  178  15:00  High Templar  
  178  15:02  Nexus  
  179  15:12  Void Ray  
  179  15:16  Void Ray  
  179  15:17  Flux Vanes  
  177  15:23  Pylon  
  177  15:28  Probe, Void Ray  
  179  15:30  Psionic Storm  
  178  15:39  Probe x2  
  180  15:44  High Templar x2  
  180  15:49  Void Ray (Chrono Boost)  
  184  15:50  Nexus  
  184  15:52  Shield Battery  
  184  15:53  Pylon  
  184  15:54  Pylon, Void Ray (Chrono Boost)  
  184  15:55  Pylon  
  184  15:56  Pylon  
  144  16:12  Void Ray (Chrono Boost)  
  116  16:18  Gateway  
  116  16:19  Gateway  
  116  16:22  Void Ray (Chrono Boost)  
  116  16:23  Gateway  
  116  16:24  Gateway  
  116  16:25  Void Ray (Chrono Boost)  
  116  16:29  Gateway  
  116  16:31  Gateway  
  116  16:32  Gateway  
  124  16:36  Gateway  
  112  16:40  High Templar x2  
  112  16:44  Archon  
  112  17:14  High Templar x4  
  104  17:18  Archon x2  
  79  17:39  Templar Archives  
Tags
 
Add a new tag
Caveats
  • Supply blocks, unpowered buildings, or Contaminate may cause inaccurate times.
  • Supply counts are checked every 10 seconds.